 Dungeon Crawl Stone Soup version 0.30-a0-918-g0ff054e9dc (webtiles) character file.

Game seed: 11493680313218507924

12178 Iniera the Destroyer (level 11, -8/58 HPs)
             Began as a Vine Stalker Conjurer on Mar 21, 2023.
             Was a Priest of Vehumet.
             Killed from afar by Frances (20 damage)
             ... with an iron shot
             ... on level 12 of the Dungeon.
             The game lasted 00:35:34 (11786 turns).

Iniera the Destroyer (Vine Stalker Conjurer)       Turns: 11786, Time: 00:35:34

Health: -8/58      AC: 14    Str: 10    XL:     11   Next: 89%
Magic:  0/33       EV: 13    Int: 22    God:    Vehumet [***...]
Gold:   1134       SH:  5    Dex: 13    Spells: 12/27 levels left

rFire   . . .      SeeInvis .    k - +5 short sword (protect)
rCold   . . .      Faith    .    x - +0 buckler
rNeg    . . .      Spirit   +    C - +2 steam dragon scales
rPois   .          Reflect  .    (no helmet)
rElec   .          Rampage  .    v - +2 cloak
rCorr   .                        t - +2 pair of gloves
Will    ++...                    (no boots)
Stlth   ++                       e - amulet of magic regeneration
HPRegen 1.09/turn                n - ring of magical power
MPRegen 0.63/turn                j - ring of willpower

@: about to teleport
A: fangs 3, regeneration 1, magic shield, antimagic bite, no potion heal 2
a: Renounce Religion


You were on level 12 of the Dungeon.
You worshipped Vehumet.
Vehumet was most pleased with you.
You visited 2 branches of the dungeon, and saw 12 of its levels.
You also visited: Sewer and Gauntlet.

You collected 1746 gold pieces.
You spent 612 gold pieces at shops.

Inventory:

Hand Weapons
 k - a +5 short sword of protection (weapon)
 I - a +0 quick blade
Armour
 t - a +2 pair of gloves (worn)
 v - a +2 cloak (worn)
 x - a +0 buckler (worn)
 C - +2 steam dragon scales (worn)
Jewellery
 c - a ring of positive energy
 e - an amulet of magic regeneration (around neck)
 j - a ring of willpower (right hand)
 n - a ring of magical power (left hand)
 z - a ring of magical power
 F - a ring of fire
Wands
 w - a wand of paralysis (19)
 A - a wand of flame (12)
 D - a wand of light (9)
 K - a wand of iceblast (5)
Scrolls
 a - 4 scrolls of teleportation
 f - 2 scrolls of vulnerability
 l - 4 scrolls of identify
 m - 3 scrolls of amnesia
 y - a scroll of fog
 B - 2 scrolls of butterflies
Potions
 d - 3 potions of attraction
 g - a potion of resistance
 h - 5 potions of curing
 i - 3 potions of flight
 o - 3 potions of might
 q - 2 potions of cancellation
 r - 2 potions of invisibility
 s - a potion of heal wounds {unknown}
 u - a potion of haste
 E - a potion of mutation
Miscellaneous
 J - a phantom mirror


   Skills:
 + Level 6.6 Fighting
 - Level 3.2 Armour
 - Level 4.0 Dodging
 - Level 2.4 Stealth
 - Level 3.4 Shields
 + Level 8.8 Spellcasting
 * Level 11.9 Conjurations
 - Level 4.5 Hexes
 - Level 4.0 Translocations
 + Level 1.0 Fire Magic


You had 12 spell levels left.
You knew the following spells:

 Your Spells              Type           Power      Damage    Failure   Level
a - Magic Dart            Conj           100%       1d8       1%          1
b - Searing Ray           Conj           100%       2d8       1%          2
c - Fulminant Prism       Conj/Hex       23%        3d12      1%          4
d - Iskenderun's Mystic   Conj/Tloc      45%        2d10      1%          4
e - Flame Wave            Conj/Fire      38%        2d10      1%          4

Your spell library contained the following spells:

 Spells                   Type           Power      Damage    Failure   Level
 Apportation              Tloc           54%        N/A       1%          1
 Dazzling Flash           Conj/Hex       92%        N/A       1%          3
 Hailstorm                Conj/Ice       36%        3d9       1%          3
 Freeze                   Ice            36%        1d5       2%          1
 Frozen Ramparts          Ice            18%        1d3       7%          3
 Necrotise                Necr           36%        1d5       9%          1
 Cigotuvi's Dreadful Rot  Necr/Pois/Air  18%        N/A       14%         2
 Vampiric Draining        Necr           9%         2d6       26%         3
 Dispel Undead            Necr           9%         3d8       65%         4
 Agony                    Necr           9%         N/A       94%         5
 Alistair's Intoxication  Tmut/Pois      6%         N/A       94%         5
 Death Channel            Necr           4%         N/A       100%        6


Dungeon Overview and Level Annotations

Branches:
Dungeon (12/15)            Temple (1/1) D:4           Sewer (visited)
Gauntlet (visited)
   Lair: D:8-11         Orc: D:9-12

Altars:
Ashenzari
Cheibriados
Dithmenos
Elyvilon
Fedhas
Gozag
Hepliaklqana
Kikubaaqudgha
Makhleb
Nemelex Xobeh
Okawaru
Qazlal
Ru
Sif Muna
Trog
Vehumet
Xom
Yredelemnul
Zin
The Shining One

Shops:
D:3 !   D:12 *

Annotations:
D:12 Frances


Innate Abilities, Weirdness & Mutations

You have razor-sharp teeth.
Your natural rate of healing is unusually fast.
When hurt, damage is shared between your health and your magic reserves.
Your bite disrupts and absorbs the magic of your enemies.
Potions cannot restore your health.


Message History

Frances is heavily wounded.
The flame wave engulfs the hellwing but does no damage.
The hellwing is moderately wounded.
The flame wave engulfs the smoke demon.
The smoke demon resists.
The smoke demon is lightly wounded.
You hear a bellow!
Frances hits you with a +0 war axe!
Frances screams a word of power!
The shard of ice misses you.
The shard of ice hits the hellwing!!
The hellwing hits you but does no damage. x2
Unknown command.
A wave of flame ripples out!
The flame wave engulfs Frances!
Frances is heavily wounded.
The flame wave engulfs the hellwing!
You kill the hellwing!
The hellwing disappears in a puff of smoke!
The flame wave engulfs the smoke demon.
The smoke demon resists.
The smoke demon is lightly wounded.
You finish channelling waves of flame.
You hear a bellow!
You hear a shout!
Frances screams a word of power!
The smoke demon gestures at you. Something smites you!
* * * LOW HITPOINT WARNING * * *
Unknown command.
As you read the scroll of teleportation, it crumbles to dust.
You feel strangely unstable. Frances hits you with a +0 war axe.
* * * LOW HITPOINT WARNING * * *
Frances hits you but does no damage.
Okay, then.
Casting: Flame Wave (dangerous; 1% risk of failure)
Confirm with . or Enter, or press ? or * to list all spells.
Casting: Flame Wave (dangerous; 1% risk of failure)
Press: ? - help, Dir - look around, f - activate A wave of flame ripples out!
The flame wave engulfs Frances!!
Frances is heavily wounded. (Press . to intensify the flame waves.)
You hear a bellow!
Frances whispers indecipherable words.
The iron shot hits you!!
You die...

#.....#.....##......#...
#.....############.##..#
#....... .............
#....#### ########...##
#....########.........#
#...............##.####
#.....##...##.#....#
#....3##...##.#..###
#..4@@......#..#
###3##...#..#..#
#.#.......#..#
##+#####.#.####.##..#
#!.......#.# #.##..#
#........#.# #.##..#
#..@.....#.# #.....#
##.#####.#.# #.. #.
#....


You could see Frances (fast), a rust devil (summoned), a smoke demon (summoned)
and a neqoxec (summoned).

Vanquished Creatures
  A minotaur (Gauntlet)
  A catoblepas (Gauntlet)
  3 two-headed ogres
  Pikel (D:6)
  2 gargoyles (Gauntlet)
  Maggie (D:6)
  A kobold demonologist (D:9)
  A komodo dragon (D:7)
  A hornet (D:5)
  A dream sheep (shapeshifter) (Gauntlet)
  10 flying skulls (Gauntlet)
  A wraith (D:9)
  5 yaks (D:8)
  A golden eye (shapeshifter) (Gauntlet)
  A shadow (D:9)
  Eustachio (D:4)
  Menkaure (D:4)
  An acid dragon (D:7)
  4 water moccasins
  A floating eye (shapeshifter) (Gauntlet)
  An ice beast (D:5)
  2 orc warriors
  3 sky beasts
  A black bear (D:6)
  2 ogres
  A centaur (D:8)
  4 lemures (D:6)
  Blork the orc (D:4)
  4 kobold brigands
  4 bullfrogs (D:7)
  3 scorpions
  3 wights (D:9)
  5 killer bees
  4 howler monkeys
  A hound (D:6)
  3 gnoll boudas
  5 orc priests
  Crazy Yiuf (D:4)
  A sleepcap (D:5)
  7 iguanas
  8 orc wizards
  17 adders
  15 gnolls
  A river rat (Sewer)
  A shadow imp (D:7)
  A white imp (D:8)
  7 worms
  3 dart slugs
  21 orcs
  4 bats
  12 endoplasms
  5 giant cockroaches
  2 goblins
  10 hobgoblins
  3 jackals (D:2)
  11 kobolds
  8 quokkas
  9 ball pythons
  2 frilled lizards (D:2)
  7 rats
242 creatures vanquished.

Vanquished Creatures (others)
  14 demonic plants (Gauntlet)
  35 fulminant prisms
  A fungus (D:4)
50 creatures vanquished.

Grand Total: 292 creatures vanquished

Notes
Turn   | Place    | Note
-------+----------+-------------------------------------------
     0 | D:1      | Iniera the Vine Stalker Conjurer began the quest for the
                  | Orb.
     0 | D:1      | Reached XP level 1. HP: 9/9 MP: 4/4
   173 | D:1      | Reached XP level 2. HP: 13/13 MP: 3/6
   642 | D:1      | Reached XP level 3. HP: 15/16 MP: 5/7
   690 | D:1      | Learned a level 2 spell: Searing Ray
   900 | D:1      | Reached skill level 5 in Conjurations
  1911 | D:2      | Gained mutation: Your natural rate of healing is unusually
                  | fast. [Vine Stalker growth]
  1911 | D:2      | Reached XP level 4. HP: 21/21 MP: 8/8
  2590 | D:3      | Found a glowing drain.
  2638 | Sewer    | Entered a sewer
  2728 | Sewer    | Identified a scroll of acquirement
  2805 | Sewer    | Reached XP level 5. HP: 20/24 MP: 10/10
  2986 | Sewer    | Noticed a kobold brigand
  2993 | Sewer    | Learned a level 4 spell: Fulminant Prism
  3002 | Sewer    | Killed a kobold brigand
  3003 | Sewer    | Reached skill level 6 in Conjurations
  3005 | Sewer    | Noticed a kobold brigand
  3016 | Sewer    | Killed a kobold brigand
  3017 | Sewer    | Reached XP level 6. HP: 26/28 MP: 12/12
  3486 | Sewer    | Reached skill level 7 in Conjurations
  3518 | Sewer    | Learned a level 4 spell: Iskenderun's Mystic Blast
  3539 | D:3      | Acquired 1112 gold pieces
  3586 | D:3      | Found Genit's Distillery.
  3589 | D:3      | Bought a potion of curing for 36 gold pieces
  3589 | D:3      | Bought a potion of curing for 36 gold pieces
  3589 | D:3      | Bought a potion of curing for 36 gold pieces
  3589 | D:3      | Bought a potion of magic for 96 gold pieces
  3589 | D:3      | Bought a potion of magic for 96 gold pieces
  3589 | D:3      | Bought a potion of brilliance for 48 gold pieces
  3589 | D:3      | Bought 2 potions of flight for 72 gold pieces
  3589 | D:3      | Bought a potion of cancellation for 96 gold pieces
  3589 | D:3      | Bought a potion of invisibility for 96 gold pieces
  3803 | D:4      | Noticed a sky beast
  3819 | D:4      | Killed a sky beast
  3820 | D:4      | Reached skill level 1 in Hexes
  3820 | D:4      | Reached skill level 1 in Translocations
  3820 | D:4      | Reached XP level 7. HP: 8/32 MP: 1/14
  4062 | D:4      | Noticed Menkaure
  4094 | D:4      | Killed Menkaure
  4219 | D:4      | Found a white marble altar of Elyvilon.
  4220 | D:4      | Found a blossoming altar of Fedhas.
  4222 | D:4      | Noticed Blork the orc
  4237 | D:4      | Killed Blork the orc
  4238 | D:4      | Reached skill level 5 in Spellcasting
  4440 | D:4      | Gained mutation: You have razor-sharp teeth. [Vine Stalker
                  | growth]
  4440 | D:4      | Reached XP level 8. HP: 37/37 MP: 16/16
  4480 | D:4      | Reached skill level 1 in Fighting
  4617 | D:4      | Found a staircase to the Ecumenical Temple.
  4661 | Temple   | Entered the Ecumenical Temple
  4831 | Temple   | Became a worshipper of Vehumet
  4862 | D:4      | Noticed Eustachio
  4869 | D:4      | Killed Eustachio
  5015 | D:4      | Found a runed translucent door.
  5016 | D:4      | Noticed Crazy Yiuf
  5113 | D:4      | Killed Crazy Yiuf
  5200 | D:5      | Entered Level 5 of the Dungeon
  5242 | D:5      | Reached skill level 8 in Conjurations
  5382 | D:5      | Noticed a hornet
  5390 | D:5      | Killed a hornet
  5391 | D:5      | Reached skill level 1 in Shields
  5720 | D:4      | Reached XP level 9. HP: 44/44 MP: 16/19
  5777 | D:5      | Reached * piety under Vehumet
  5777 | D:5      | Offered knowledge of Kiss of Death by Vehumet.
  6236 | D:6      | Noticed Pikel
  6255 | D:6      | Killed Pikel
  6344 | D:6      | Noticed Maggie
  6392 | D:6      | Killed Maggie
  6406 | D:6      | Reached skill level 9 in Conjurations
  6982 | D:6      | Reached skill level 1 in Armour
  7868 | D:7      | Reached XP level 10. HP: 39/49 MP: 14/21
  8164 | D:7      | Reached ** piety under Vehumet
  8195 | D:7      | Offered knowledge of Momentum Strike by Vehumet.
  8860 | D:8      | Noticed a two-headed ogre
  8943 | D:8      | Killed a two-headed ogre
  9199 | D:8      | Offered knowledge of Static Discharge by Vehumet.
  9205 | D:8      | Reached skill level 5 in Fighting
  9205 | D:8      | Reached skill level 10 in Conjurations
  9825 | D:9      | Noticed a kobold demonologist
  9835 | D:9      | Noticed a rust devil
  9835 | D:9      | Killed a kobold demonologist
 10017 | D:9      | Noticed a two-headed ogre
 10032 | D:9      | Killed a two-headed ogre
 10033 | D:9      | Reached XP level 11. HP: 56/56 MP: 21/23
 10211 | D:9      | Reached *** piety under Vehumet
 10709 | D:9      | You fall into a shaft and drop 3 floors!
 10792 | D:12     | Noticed a two-headed ogre
 10814 | D:12     | Killed a two-headed ogre
 10900 | D:12     | Found Kifupyst's Serpentskin Sales.
 10923 | D:12     | Reached skill level 11 in Conjurations
 10951 | D:12     | Found a gate leading to a gauntlet.
 10959 | Gauntlet | Entered a Gauntlet
 10959 | Gauntlet | Found a transporter.
 10959 | Gauntlet | Found a transporter.
 10963 | Gauntlet | Found a transporter.
 10963 | Gauntlet | Found a transporter.
 10963 | Gauntlet | Noticed a catoblepas
 10969 | Gauntlet | Noticed a shining eye
 10971 | Gauntlet | Noticed a worldbinder
 10972 | Gauntlet | Found a transporter.
 10986 | Gauntlet | Noticed a fire crab
 10991 | Gauntlet | Found a transporter.
 11000 | Gauntlet | Found a transporter.
 11002 | Gauntlet | Found a transporter.
 11002 | Gauntlet | Found a transporter.
 11004 | Gauntlet | Noticed a steelbarb worm
 11006 | Gauntlet | Noticed a wretched star
 11038 | Gauntlet | Found a transporter.
 11078 | Gauntlet | Found a transporter.
 11093 | Gauntlet | Found a transporter.
 11107 | Gauntlet | Found a transporter.
 11120 | Gauntlet | Found a transporter.
 11208 | Gauntlet | Found a transporter.
 11224 | Gauntlet | Found a transporter.
 11233 | Gauntlet | an elephant changed into a moth of wrath
 11233 | Gauntlet | Noticed a moth of wrath (shapeshifter)
 11256 | Gauntlet | a swamp worm changed into a death drake
 11256 | Gauntlet | Noticed a death drake (shapeshifter)
 11258 | Gauntlet | a moth of wrath changed into an eye of devastation
 11317 | Gauntlet | Noticed an alligator
 11328 | Gauntlet | Noticed a steelbarb worm
 11335 | Gauntlet | an alligator changed into an anaconda
 11335 | Gauntlet | Noticed an anaconda (shapeshifter)
 11338 | Gauntlet | an anaconda changed into a snapping turtle
 11347 | Gauntlet | Noticed a two-headed ogre
 11374 | Gauntlet | a two-headed ogre changed into an orb spider
 11374 | Gauntlet | Noticed an orb spider (shapeshifter)
 11375 | Gauntlet | a swamp worm changed into an ice dragon
 11375 | Gauntlet | Noticed an ice dragon (shapeshifter)
 11405 | Gauntlet | Killed a catoblepas
 11418 | Gauntlet | HP: 1/56 [gargoyle/+0 flail (6)]
 11512 | Gauntlet | Offered knowledge of Flame Wave by Vehumet.
 11514 | Gauntlet | a spriggan changed into a fire crab
 11514 | Gauntlet | Noticed a fire crab (shapeshifter)
 11515 | Gauntlet | a fire crab changed into a floating eye
 11561 | Gauntlet | Learned a level 4 spell: Flame Wave
 11573 | Gauntlet | Identified the +1 helmet of Sif Muna's Reproof {rPois rF-
                  | rN+ Regen+}
 11639 | Gauntlet | Identified the +5 broad axe of the King {pain, rPois Str-5
                  | Dex+3}
 11639 | Gauntlet | Noticed a minotaur
 11653 | Gauntlet | Killed a minotaur
 11654 | Gauntlet | Reached skill level 1 in Fire Magic
 11661 | Gauntlet | Identified the +0 troll leather armour of Venwe {Regen+
                  | Str+2}
 11767 | D:12     | Noticed Frances
 11786 | D:12     | Killed from afar by Frances

Illustrated notes

Levels and vault maps discovered:
D:1:      enne_arrival_octagon_isle, layout_loops_ring, serial_forest,
          infiniplex_forest_clump_tiny, infiniplex_forest_lined_room_2,
          infiniplex_forest_corner_1, infiniplex_forest_clump_small,
          infiniplex_forest_clump_double, infiniplex_forest_clump_small,
          infiniplex_forest_clump_double, infiniplex_forest_diagonal
D:2:      layout_basic, serial_bayou, serial_bayou_pond_e, serial_bayou_ford_a,
          serial_bayou_shore_a, serial_bayou_pond_b
D:3:      layout_rooms, gup_sewer_entry_glass, serial_shops,
          nicolae_shop_behind_doors, corexii_hall_statues_l
D:4:      layout_rooms, grunt_temple_overflow_open, temple_statues,
          uniq_menkaure, uniq_blork_the_orc, uniq_eustachio,
          uniq_crazy_yiuf_cottage
D:5:      layout_basic, interstate_on_off
D:6:      layout_loops_corners, uniq_maggie, uniq_pikel
D:7:      minmay_slanted_spiral_squares, layout_loops_cross,
          hangedman_decor_slide_cut
D:8:      layout_loops_ring
D:9:      layout_irregular_city
D:11:     layout_cave_pods, david_orc_2, serial_shops, shop_coins,
          minmay_stone_trees_medium, minivault_7, uniq_grum
D:12:     layout_basic, gauntlet_entry_generic, guppyfry_shop_venom,
          uniq_frances
Temple:   nicolae_temple_slightly_damp_pantheon

Skill      XL: |  1  2  3  4  5  6  7  8  9 10 11 |
---------------+----------------------------------+-----
Conjurations   | 5 6 7 8 9 10 11 | 11.9
Spellcasting   | 3 4 5 6 7 8 |  8.8
Hexes          | 1 2 3 4 |  4.5
Translocations | 1 2 3 4 |  4.0
Fighting       | 3 5 6 |  6.6
Shields        | 3 |  3.4
Dodging        | 2 4 |  4.0
Armour         | 2 3 |  3.2
Fire Magic     | 1 |  1.0
Stealth        | |  2.4

Action                     |  1- 3 |  4- 6 |  7- 9 | 10-12 || total
---------------------------+-------+-------+-------+-------++-------
  Melee: Unarmed           |     7 |       |       |       ||     7
         Short sword       |    10 |    26 |   126 |   136 ||   298
         Bite              |     3 |     9 |    30 |    43 ||    85
         Long sword        |     2 |       |       |       ||     2
  Throw: Dart              |    10 |     7 |    12 |     9 ||    38
   Cast: Magic Dart        |    73 |    81 |    90 |    56 ||   300
         Searing Ray       |     1 |     9 |    27 |    28 ||    65
         Fulminant Prism   |       |     1 |    15 |    19 ||    35
         Iskenderun's Myst |       |       |     7 |    37 ||    44
         Flame Wave        |       |       |       |     6 ||     6
  Evoke: Wand              |       |       |       |     4 ||     4
    Use: Scroll            |     9 |     5 |     7 |     8 ||    29
         Potion            |       |       |       |     6 ||     6
   Stab: Sleeping          |       |       |     1 |     2 ||     3
 Armour: Robe              |     3 |     5 |    28 |       ||    36
         Steam dragon scal |       |       |    21 |    82 ||   103
  Dodge: Dodged            |    19 |    27 |    68 |    99 ||   213
  Block: Buckler           |       |       |    30 |    37 ||    67

Table legend: (Time is in decaauts)
 A = Elapsed time spent in this place.
 B = Non-inter-level travel time spent in this place.
 C = Inter-level travel time spent in this place.
 D = Time resting spent in this place.
 E = Time spent auto-exploring this place.
 F = Levels seen in this place.
 G = Mean time per level.
                   A        B        C        D        E       F      G
               +--------+--------+--------+--------+--------+-----+--------+
         Total |  11970 |  11629 |    341 |    619 |   8630 |  14 |  855.0 |
       Dungeon |  10041 |   9731 |    310 |    570 |   7351 |  11 |  912.8 |
        Temple |    180 |    150 |     30 |      0 |    131 |   1 |  180.0 |
         Sewer |   1042 |   1042 |      0 |      0 |    851 |   1 | 1042.0 |
      Gauntlet |    706 |    706 |      0 |     49 |    297 |   1 |  706.0 |
               +--------+--------+--------+--------+--------+-----+--------+

Top non-repeatable levels by time:
     D:7: 1665 daAuts
     D:1: 1299 daAuts
     D:4: 1264 daAuts
     D:2: 1169 daAuts
     D:6: 1127 daAuts
   Sewer: 1042 daAuts
     D:5: 1008 daAuts
     D:8: 925 daAuts
     D:9: 797 daAuts
Gauntlet: 706 daAuts
     D:3: 428 daAuts
    D:12: 320 daAuts
  Temple: 180 daAuts
    D:11: 33 daAuts
